 Dungeon Crawl Stone Soup version 0.30.1-11-g7821555f0a (webtiles) character file.

Game seed: 12189075721559373223

44 Cheops the Cudgeller (level 3, 0/37 HPs)
             Began as an Ogre Gladiator on Dec 11, 2023.
             Slain by an orc
             ... wielding a +0 hand axe
              (1 damage)
             ... on level 3 of the Dungeon.
             The game lasted 00:03:40 (1839 turns).

Cheops the Cudgeller (Ogre Gladiator)               Turns: 1839, Time: 00:03:41

Health: 0/37       AC:  3    Str: 20    XL:     3   Next: 60%
Magic:  0/3        EV: 10    Int:  9    God:
Gold:   134        SH:  0    Dex: 10    Spells: 2/2 levels left

rFire   + . .        a - +0 flail
rCold   + . .        (no shield)
rNeg    . . .        b - +0 robe
rPois   .            c - +0 hat
rElec   .            o - scarf {rC+ rF+}
rCorr   .            (gloves unavailable)
SInv    +            (boots unavailable)
Will    .....        n - amulet of guardian spirit
Stlth   +            l - ring of see invisible
HPRegen 0.26/turn    (no ring)
MPRegen 0.08/turn

%: guardian spirit
@: no status effects
A: large, unfitting armour, tough skin 1
a: no special abilities


You were on level 3 of the Dungeon.
You visited 1 branch of the dungeon, and saw 3 of its levels.

You collected 134 gold pieces.

Inventory:

Hand Weapons
 a - a +0 flail (weapon)
Missiles
 d - 3 throwing nets (quivered)
 e - a large rock
Armour
 b - a +0 robe (worn)
 c - a +0 hat (worn)
 o - a scarf of resistance (worn)
Jewellery
 l - a ring of see invisible (left hand)
 n - an amulet of guardian spirit (around neck)
Scrolls
 f - 2 scrolls of identify {unknown}
 h - 2 scrolls of amnesia {unknown}
 i - a scroll of teleportation {unknown}
 k - a scroll of enchant armour {unknown}
Potions
 g - a potion of curing {unknown}
 j - 2 potions of ambrosia {unknown}
 m - a potion of degeneration {unknown}


   Skills:
 + Level 3.6 Fighting
 * Level 3.7 Maces & Flails
 - Level 2.0 Throwing
 - Level 2.6 Dodging


You had 2 spell levels left.
You didn't know any spells.
Your spell library contained the following spells:

 Spells                   Type           Power      Damage    Failure   Level
 Blink                    Tloc           0%         N/A       52%         2
 Lesser Beckoning         Tloc           0%         N/A       52%         2
 Momentum Strike          Conj/Tloc      0%         3d8       52%         2


Dungeon Overview and Level Annotations

Branches:
Dungeon (3/15)

Altars:


Innate Abilities, Weirdness & Mutations

You are too large for most types of armour.
You have tough skin. (AC +1)


Message History

Things that are here:
a +0 club; a kobold corpse
h - 2 scrolls labelled MEINLE AVUW (gained 1)
An orc and an orc priest come into view.
The orc is wielding a +1 hand axe of flaming.
There are monsters nearby!
There are monsters nearby!
There are monsters nearby!
There are monsters nearby!
An orc comes into view. It is wielding a +0 hand axe.
The orc shouts!
The orc priest casts a cantrip, but nothing happens.
You hit the orc.
The orc is severely wounded.
You hit the orc priest but do no damage.
The orc priest invokes the aid of Beogh against you.
Beogh smites you!
The orc hits you with a +1 hand axe of flaming.
* * * LOW HITPOINT WARNING * * *
The orc burns you.
* * * LOW HITPOINT WARNING * * *
You closely miss the orc priest.
The orc priest hits you with a +0 short sword.
* * * LOW HITPOINT WARNING * * *
The orc hits you with a +1 hand axe of flaming.
* * * LOW HITPOINT WARNING * * *
You closely miss the orc priest.
The orc priest invokes the aid of Beogh against you.
Beogh smites you!
* * * LOW HITPOINT WARNING * * *
The orc hits you with a +1 hand axe of flaming.
* * * LOW HITPOINT WARNING * * *
You hit the orc priest but do no damage.
The orc priest barely misses you.
The orc hits you with a +1 hand axe of flaming.
* * * LOW HITPOINT WARNING * * *
The orc priest hits you with a +0 short sword.
* * * LOW HITPOINT WARNING * * *
The orc hits you with a +0 hand axe.
You die...

### #.#########
######## ##..oo.....#
.......# #...@o......
######.# #..#########
# #.# #..#
######.######..#####.
.....................
.......######..#####.
#####.............#
.....................
##.##....#..#..#####.


You could see an orc priest and 2 orcs.

Vanquished Creatures
  3 ball pythons
  5 bats
  6 endoplasms
  4 hobgoblins
  5 jackals
  4 kobolds
  2 quokkas
  A frilled lizard (D:2)
  2 goblins (D:1)
  8 rats
40 creatures vanquished.

Notes
Turn   | Place    | Note
-------+----------+-------------------------------------------
     0 | D:1      | Cheops the Ogre Gladiator began the quest for the Orb.
     0 | D:1      | Reached XP level 1. HP: 22/22 MP: 1/1
   191 | D:1      | Reached XP level 2. HP: 31/31 MP: 2/2
   972 | D:2      | Reached XP level 3. HP: 36/37 MP: 3/3
  1839 | D:3      | HP: 1/37 [orc priest/+0 short sword (1)]
  1839 | D:3      | Slain by an orc

Illustrated notes

Levels and vault maps discovered:
D:1:      dpeg_arrival_brainrot, layout_basic
D:2:      minmay_chambers_of_ones, layout_basic, patterned_corridor
D:3:      layout_basic, nicolae_qazlal_scattered_showers,
          shapermc_ecumenical_altar_acropolis, serial_shops, shop,
          gammafunk_ghost_smash, fountainhead, fountainhead,
          grunt_ministairs_12, chequers_serial_rivers_micro_a, moated_statue,
          uniq_sigmund

Skill      XL: |  1 |
---------------+----+-----
Maces & Flails | 3 |  3.7
Fighting       | 3 |  3.6
Throwing       | |  2.0
Dodging        | |  2.6

Action                     || total
---------------------------++-------
  Melee: Flail             ||   112
   Stab: Sleeping          ||     1
 Armour: Robe              ||    42
  Dodge: Dodged            ||    52
